Map: 世界主宰-天梯版

Players

wanted

  • Race: Zerg Zerg

Cyan - Winner!

  • Race: Protoss Protoss
  • League: Master

Event: DreamHack SC2 Masters 2020 Winter

VOD

Have the link to the VOD?

Description

Time

  • Played on: Oct. 16, 2020, 7:42 a.m.
  • Length: 11:11

All games in this series

Show
View Real Time Build Order
Export as new Build Order

wanted Zerg 

Build Orders: Hatch First, Lurkers 

Get SALT Encoding   

  12  0:00  Drone  
  13  0:08  Drone  
  14  0:18  Overlord  
  14  0:22  Extractor  
  14  0:24  Drone  
  15  0:45  Hatchery  
  15  0:48  Drone  
  15  0:52  Drone  
  15  0:56  Drone  
  17  1:00  Drone  
  18  1:10  Extractor  
  17  1:18  Spawning Pool  
  17  1:19  Drone  
  17  1:23  Drone  
  18  1:37  Drone  
  19  1:44  Drone  
  20  1:51  Hatchery  
  19  1:55  Drone  
  20  2:05  Queen  
  22  2:10  Drone  
  22  2:12  Drone  
  24  2:18  Metabolic Boost  
  24  2:28  Queen  
  26  2:33  Overlord  
  26  2:38  Zergling x2  
  26  2:39  Zergling x2  
  28  2:50  Queen  
  28  2:51  Drone x2  
  32  2:53  Drone  
  32  2:55  Drone  
  34  3:03  Overlord  
  34  3:07  Drone x2  
  34  3:12  Queen  
  38  3:15  Zergling x2  
  38  3:17  Zergling x2  
  39  3:32  Drone x2  
  39  3:33  Drone  
  39  3:36  Drone  
  39  3:38  Spore Crawler  
  39  3:42  Drone x2  
  39  3:44  Drone  
  42  3:50  Overlord  
  42  3:54  Overlord  
  41  4:03  Overlord  
  41  4:08  Drone, Queen  
  41  4:09  Drone x2  
  46  4:12  Drone x2  
  46  4:15  Drone  
  46  4:16  Drone  
  50  4:18  Drone x2  
  50  4:21  Drone  
  50  4:22  Drone  
  54  4:25  Drone x2  
  54  4:29  Spore Crawler  
  55  4:31  Spore Crawler  
  55  4:32  Drone  
  55  4:34  Drone  
  55  4:36  Drone  
  55  4:37  Drone  
  57  4:39  Drone  
  57  4:41  Drone  
  59  4:46  Drone  
  59  4:49  Overlord x2  
  59  4:50  Drone  
  59  4:51  Zergling x2  
  62  4:53  Zergling x2  
  62  4:54  Zergling x2  
  64  5:00  Overlord  
  64  5:01  Drone, Overlord  
  65  5:07  Drone x4  
  65  5:11  Drone  
  70  5:15  Lair  
  70  5:23  Extractor, Roach Warren  
  70  5:24  Drone x5, Extractor  
  70  5:25  Drone, Extractor  
  70  5:27  Drone  
  73  5:29  Drone x2  
  73  5:34  Queen  
  76  5:36  Drone x3  
  76  5:39  Extractor  
  76  5:42  Evolution Chamber  
  77  5:43  Drone x4  
  77  5:44  Drone  
  82  5:52  Drone x3  
  82  5:54  Pneumatized Carapace  
  85  5:58  Extractor  
  85  5:59  Overlord  
  85  6:01  Drone  
  85  6:09  Hatchery, Roach x2  
  88  6:13  Overlord x4  
  88  6:20  Spore Crawler  
  88  6:21  Spore Crawler, Zerg Missile Weapons Level 1  
  88  6:22  Spore Crawler, Glial Reconstitution  
  85  6:26  Drone  
  85  6:28  Spore Crawler  
  84  6:33  Drone x3  
  84  6:36  Infestation Pit, Roach x3  
  84  6:39  Zergling x2  
  91  6:50  Roach x2  
  91  6:51  Roach x2  
  99  6:56  Drone x8  
  99  6:58  Overseer  
  110  7:08  Drone x3  
  110  7:18  Drone x5  
  111  7:23  Overlord  
  111  7:27  Spore Crawler  
  111  7:28  Hive  
  110  7:30  Spore Crawler  
  110  7:31  Roach x6  
  110  7:35  Roach x3  
  127  7:38  Overseer, Ravager x3  
  127  7:41  Overlord x3  
  129  7:49  Roach x4, Ravager  
  129  7:50  Ravager x3  
  141  7:56  Extractor x2  
  139  8:00  Spine Crawler  
  139  8:02  Drone x4  
  142  8:11  Hydralisk Den  
  141  8:13  Drone x7, Hatchery  
  141  8:15  Drone x2  
  141  8:18  Zerg Missile Weapons Level 2  
  148  8:21  Spine Crawler  
  148  8:22  Evolution Chamber  
  148  8:23  Overlord  
  148  8:24  Overlord x4  
  146  8:40  Hydralisk x6  
  158  8:52  Overlord  
  158  8:53  Hydralisk x10  
  177  8:56  Muscular Augments  
  177  8:57  Lurker Den  
  176  9:13  Drone x3, Spine Crawler  
  176  9:15  Extractor  
  177  9:17  Extractor  
  177  9:19  Hydralisk  
  177  9:20  Hydralisk  
  180  9:28  Viper x2, Overlord  
  186  9:38  Overseer  
  186  9:43  Hatchery  
  186  9:45  Hydralisk  
  185  9:51  Spore Crawler  
  185  9:52  Spore Crawler  
  183  9:56  Seismic Spines  
  183  9:59  Lurker x6  
  187  10:07  Lurker, Spore Crawler  
  187  10:08  Lurker  
  187  10:11  Lurker  
  187  10:12  Lurker  
  189  10:20  Lurker x2  
  188  10:30  Lurker x3  
  186  10:44  Roach x5, Hydralisk x5  
  161  10:51  Roach x2  
Show
View Real Time Build Order
Export as new Build Order

Cyan Protoss - Winner!

Build Orders: 1 Gate Expand, Zealot Archon 

Get SALT Encoding   

  12  0:00  Probe  
  13  0:12  Probe  
  14  0:17  Pylon  
  14  0:24  Probe (Chrono Boost)  
  15  0:36  Probe (Chrono Boost)  
  15  0:38  Gateway  
  16  0:44  Probe (Chrono Boost)  
  16  0:46  Assimilator  
  17  0:51  Probe  
  18  1:03  Probe  
  19  1:15  Probe  
  20  1:24  Nexus  
  20  1:35  Cybernetics Core  
  20  1:37  Probe  
  21  1:44  Assimilator  
  21  1:49  Probe  
  21  1:53  Pylon  
  22  2:01  Probe  
  23  2:09  Adept (Chrono Boost), Probe  
  26  2:17  Probe  
  26  2:18  Stargate  
  27  2:26  Warp Gate  
  27  2:28  Probe  
  28  2:31  Adept (Chrono Boost)  
  28  2:36  Probe  
  31  2:40  Probe  
  32  2:48  Probe  
  33  2:52  Probe  
  33  2:54  Void Ray (Chrono Boost)  
  34  3:00  Probe  
  34  3:04  Probe  
  40  3:08  Pylon  
  40  3:12  Gateway  
  40  3:15  Probe  
  40  3:18  Adept  
  43  3:22  Probe  
  44  3:30  Void Ray  
  42  3:36  Probe (Chrono Boost)  
  42  3:37  Probe (Chrono Boost)  
  42  3:39  Pylon  
  47  3:49  Probe (Chrono Boost)  
  47  3:54  Probe (Chrono Boost)  
  48  3:57  Probe (Chrono Boost)  
  48  4:01  Probe (Chrono Boost)  
  50  4:03  Probe  
  50  4:09  Nexus  
  51  4:10  Pylon  
  51  4:12  Probe  
  51  4:14  Adept x2  
  51  4:15  Probe  
  57  4:24  Probe  
  57  4:27  Probe  
  57  4:30  Shield Battery, Void Ray  
  59  4:33  Pylon  
  59  4:34  Assimilator  
  59  4:37  Assimilator, Probe  
  64  4:42  Probe  
  64  4:44  Zealot  
  64  4:45  Zealot  
  69  4:50  Probe  
  70  4:56  Gateway  
  70  4:57  Gateway, Probe  
  71  5:02  Probe  
  72  5:09  Probe (Chrono Boost)  
  72  5:11  Forge, Void Ray  
  72  5:12  Twilight Council  
  73  5:19  Probe (Chrono Boost)  
  79  5:21  Probe (Chrono Boost)  
  79  5:23  Sentry x2  
  79  5:26  Probe (Chrono Boost)  
  83  5:29  Probe (Chrono Boost)  
  83  5:32  Probe (Chrono Boost)  
  83  5:33  Probe (Chrono Boost)  
  83  5:36  Probe (Chrono Boost)  
  83  5:37  Charge (Chrono Boost)  
  83  5:41  Protoss Ground Weapons Level 1 (Chrono Boost)  
  84  5:43  Gateway x2  
  84  5:44  Probe  
  84  5:48  Probe x2  
  87  5:56  Shield Battery, Probe  
  88  6:00  Probe x2  
  88  6:02  Robotics Facility  
  90  6:06  Assimilator  
  90  6:08  Probe  
  90  6:09  Assimilator  
  91  6:12  Probe x2  
  91  6:15  Templar Archives  
  91  6:16  Gateway  
  91  6:17  Gateway  
  93  6:22  Pylon  
  93  6:25  Pylon  
  93  6:29  Pylon  
  93  6:36  Gateway  
  93  6:38  Pylon  
  93  6:40  Probe x2  
  93  6:41  Probe  
  96  6:48  Warp Prism (Chrono Boost)  
  96  6:53  Probe  
  99  6:55  Probe  
  99  7:00  High Templar x4  
  108  7:02  Nexus  
  108  7:05  Pylon  
  108  7:06  Archon x2  
  108  7:07  Pylon, Zealot x2  
  112  7:13  Gateway  
  112  7:14  Gateway  
  112  7:15  Pylon  
  112  7:17  Observer  
  112  7:19  Probe  
  112  7:22  Protoss Ground Weapons Level 2 (Chrono Boost)  
  114  7:28  Probe x2  
  116  7:31  Probe  
  116  7:32  Photon Cannon  
  116  7:33  Photon Cannon, Zealot  
  116  7:34  Zealot  
  116  7:35  High Templar x2  
  116  7:36  Photon Cannon  
  125  7:38  Psionic Storm, Shield Battery  
  125  7:40  Zealot, Shield Battery  
  125  7:42  Zealot  
  125  7:44  Archon  
  129  7:45  Observer  
  129  7:48  Zealot  
  132  7:53  Probe x2  
  132  7:54  Probe  
  135  8:00  High Templar x2  
  135  8:05  Probe x2  
  141  8:07  High Templar  
  141  8:09  Probe  
  144  8:13  Assimilator  
  144  8:14  Warp Prism  
  144  8:16  High Templar  
  144  8:17  Assimilator, Probe  
  147  8:21  Zealot  
  147  8:22  Zealot x3  
  147  8:25  Probe  
  156  8:30  Zealot x2  
  158  8:48  High Templar, Warp Prism (Chrono Boost)  
  156  8:49  High Templar  
  156  8:54  Gateway  
  160  8:56  Gateway  
  160  8:59  Gateway  
  160  9:01  Gateway  
  160  9:06  Zealot  
  160  9:07  Zealot  
  158  9:10  Pylon  
  158  9:13  Pylon  
  158  9:14  Nexus  
  158  9:16  Warp Prism  
  158  9:17  Pylon  
  158  9:18  High Templar x2, Pylon  
  158  9:20  Pylon  
  158  9:23  Archon  
  164  9:32  Dark Shrine  
  164  9:34  Zealot  
  164  9:35  Zealot x3  
  172  9:39  High Templar x4  
  172  9:40  Photon Cannon  
  172  9:42  Photon Cannon  
  172  9:43  Archon  
  172  9:44  High Templar, Archon  
  172  9:45  Photon Cannon  
  182  9:47  Photon Cannon  
  182  9:49  Forge  
  182  9:50  Shield Battery  
  182  9:52  High Templar  
  184  9:57  Archon  
  182  10:05  Zealot x5  
  191  10:11  Zealot x4  
  199  10:18  Assimilator  
  197  10:22  Assimilator  
  197  10:26  Shield Battery  
  197  10:28  Photon Cannon  
  193  10:48  Zealot x11  
  193  10:49  Zealot x2  
  195  10:54  Archon  
Tags
 
Add a new tag
Caveats
  • Supply blocks, unpowered buildings, or Contaminate may cause inaccurate times.
  • Supply counts are checked every 10 seconds.